 Dungeon Crawl Stone Soup version 0.20.0-15-g7f486f2 (webtiles) character file.

29629 rezek the Carver (level 13, -4/67 HPs)
             Began as a Vine Stalker Fighter on June 29, 2017.
             Was a High Priest of Ru.
             Slain by a two-headed ogre
             ... wielding a +0 giant club
              (13 damage)
             ... while paralysed by an ogre mage
             ... on level 13 of the Dungeon on June 30, 2017.
             The game lasted 01:21:50 (13921 turns).

rezek the Carver (Vine Stalker Fighter)            Turns: 13921, Time: 01:21:52

Health: -4/67      AC: 11    Str: 19    XL:     13   Next: 46%
Magic:  0/20       EV:  2    Int:  8    God:    Ru [*****.]
Gold:   504        SH:  0    Dex: 21    Spells: 17/20 levels left

rFire    . . .     SeeInvis +   X - +0 scimitar (elec)
rCold    . . .     Gourm    .   h - +0 shield {AC+3}
rNeg     + . .     Faith    .   w - +2 leather armour {rN+}
rPois    +         Spirit   +   o - +2 hat
rElec    .         Reflect  +   a - scarf {repulsion}
rCorr    .         Harm     .   (no gloves)
MR       .....                  r - +0 pair of boots
Stlth    +++++.....             v - +3 amulet of reflection
Regen    1.1/turn               H - ring of poison resistance
MPRegen  0.2/turn               F - ring of stealth

@: paralysed, exhausted, repel missiles
A: fangs 3, see invisible, agile 1, regeneration 2, magic shield, antimagic
bite, no potion heal 3, rot immunity, inability to use devices, inability to
train armour, no air magic, no conjurations magic, no transmutations magic,
magic vulnerability 1
a: Draw Out Power, Power Leap, Apocalypse, Renounce Religion


You were on level 13 of the Dungeon.
You worshipped Ru.
Ru was extremely pleased with you.
You were not hungry.

You visited 4 branches of the dungeon, and saw 17 of its levels.
You also visited: Ossuary.

You collected 1728 gold pieces.
You spent 1224 gold pieces at shops.

Inventory:

Hand Weapons
 X - a +0 scimitar of electrocution (weapon)
Missiles
 y - 18 tomahawks
 Q - 3 javelins (quivered)
 U - 4 poisoned tomahawks
Armour
 a - a scarf of repulsion (worn)
 h - a +0 shield of protection (worn)
 o - a +2 hat (worn)
 r - a +0 pair of boots (worn)
 w - a +2 leather armour of positive energy (worn)
 Z - a +0 robe of cold resistance
Jewellery
 t - an uncursed ring of protection from cold
 v - a +3 amulet of reflection (around neck)
 F - a ring of stealth (right hand)
 H - a ring of poison resistance (left hand)
 O - an uncursed ring of positive energy
 P - an uncursed ring of fire
Scrolls
 q - 2 scrolls of enchant weapon
 u - 2 scrolls of remove curse
 x - 9 scrolls of teleportation
 A - 4 scrolls of amnesia
 E - 2 scrolls of fear
 J - 4 scrolls of identify
 N - 3 scrolls of fog
Potions
 b - 4 potions of agility
 c - a potion of berserk rage {unknown}
 d - a potion of might
 e - 2 potions of lignification
 g - 12 potions of curing
 j - 4 potions of brilliance
 l - 3 potions of flight
 p - 7 potions of haste
 C - 2 potions of invisibility
 D - a potion of magic
 L - 3 potions of resistance
Books
 V - a book of Frost

   Spells                             Type                      Level
   a - Freeze                         Ice                          1
   b - Throw Frost                    Conjuration/Ice              2
   c - Ozocubu's Armour               Charms/Ice                   3
   d - Throw Icicle                   Conjuration/Ice              4
   e - Summon Ice Beast               Ice/Summoning                4
Comestibles
 f - 9 bread rations
 i - 8 royal jellies
 k - 10 meat rations
 m - 11 fruits
 n - 8 chunks of flesh


   Skills:
 + Level 7.0 Fighting
 + Level 12.5 Long Blades
 * Level 6.9 Throwing
 + Level 4.8 Dodging
 + Level 7.1 Stealth
 + Level 7.7 Shields
 * Level 4.2 Spellcasting
 * Level 4.4 Charms
 * Level 4.6 Ice Magic


You had 17 spell levels left.
You knew the following spells:

 Your Spells              Type           Power        Failure   Level  Hunger
a - Ozocubu's Armour      Chrm/Ice       #.......     38%         3    ###....


Dungeon Overview and Level Annotations

Branches:
Dungeon (13/15)            Temple (1/1) D:7            Lair (1/6) D:9
    Orc (2/2) D:9             Elf (0/3) Orc:2
 Vaults: D:13-14

Altars:
Ashenzari
Cheibriados
Dithmenos
Elyvilon
Fedhas
Gozag
Hepliaklqana
Kikubaaqudgha
Makhleb
Nemelex Xobeh
Okawaru
Qazlal
Ru
Sif Muna
Trog
Uskayaw
Vehumet
Xom
Yredelemnul
Zin
The Shining One
Beogh

Shops:
D:9 =   D:11 (   Orc:2 }([**

Annotations:
D:13 exclusion: centaur warrior
Lair:1 exclusion: 2 oklob plants


Innate Abilities, Weirdness & Mutations

You have razor-sharp teeth.
You heal very quickly.
When hurt, damage is shared between your health and your magic reserves.
Your bite disrupts and absorbs the magic of your enemies.
Potions cannot restore your health.
You are immune to rotting.
You cannot study or use magical devices.
You cannot train Armour skill.
You cannot study or cast Air magic.
You cannot study or cast Conjurations magic.
You cannot study or cast Transmutations magic.
You are slightly vulnerable to magic. (MR-)
You have supernaturally acute eyesight. (SInv)
You are agile. (Dex +2)


Message History

The two-headed ogre shouts in stereo!
You slash the two-headed ogre!
You kill the two-headed ogre!
The ogre shouts!
You hit the two-headed ogre but do no damage.
Lightning courses through the two-headed ogre!
You bite the two-headed ogre. You drain its power.
The two-headed ogre is moderately wounded.
The ogre mage hits you from afar with a spear.
You block the two-headed ogre's attack. x2
The ogre mage hits you but does no damage.
Aiming: Power Leap
Press: ? - help, Dir - move target cursor The ogre mage points at you and mumbles some strange words.
You suddenly lose the ability to move!
The two-headed ogre hits you with a giant spiked club!! x2
The two-headed ogre hits you with a giant club!!
* * * LOW HITPOINT WARNING * * *
The two-headed ogre hits you with a giant club!
You die...

########################
)..?....................
........................
.............?......<...
........O..........)....
.......@................
.......OO)..............
.....O..........._......
........................
.>..[.............).....
........................
........................
..........?.............
##############


You could see 2 two-headed ogres, an ogre mage and an ogre.

Vanquished Creatures
  An ettin (Orc:1)
  The ghost of botchamania the Protected, a journeyman DsCK of Xom (D:10)
  7 two-headed ogres
  An unseen horror (D:10)
  3 orc knights
  An ugly thing (D:12)
  9 orc sorcerers
  A cyclops (D:10)
  Maurice (D:13)
  2 gargoyles
  A centaur skeleton (D:12)
  A komodo dragon (D:11)
  The ghost of spinkules the Chopper, a novice GrBe of Trog (D:5)
  A merfolk (D:11)
  A troll (D:9)
  Grinder (D:3)
  6 slime creatures
  Prince Ribbit (D:5)
  3 hippogriffs
  2 shadows (D:13)
  A wraith (D:12)
  2 wyverns
  13 yaks
  6 vampire mosquitoes
  5 wargs (Orc:2)
  A water moccasin (Lair:1)
  2 porcupines (D:9)
  21 orc warriors
  A necrophage (D:5)
  2 sky beasts
  3 ice beasts
  3 black bears
  An eye of draining (D:9)
  10 ogres
  10 centaurs
  4 crocodiles
  A big kobold (D:9)
  11 bullfrogs
  A gnoll sergeant (D:9)
  A wyvern zombie (D:12)
  2 wyvern skeletons
  8 scorpions
  A killer bee (D:8)
  3 wights (D:9)
  A howler monkey (D:7)
  7 crimson imps
  A bullfrog zombie (D:7)
  2 jellies
  3 quasits
  11 hounds
  48 orc wizards
  2 bullfrog skeletons
  A gnoll shaman (D:7)
  12 orc priests
  Ijyb (D:3)
  3 iguanas
  2 worker ants
  A hound zombie (D:7)
  9 mummies
  2 worker ant zombies
  Robin (D:2)
  A howler monkey zombie (D:8)
  9 gnolls
  15 adders
  2 shadow imps
  An ooze (D:2)
  2 adder skeletons
  3 worms
  3 leopard geckos
  94 orcs
  7 giant cockroaches
  A gnoll zombie (Ossuary)
  19 goblins
  8 hobgoblins
  10 jackals
  2 quokkas
  2 ball pythons
  5 bats
  7 frilled lizards
  3 hobgoblin zombies (Ossuary)
  A jackal zombie (D:6)
  11 kobolds
  A kobold zombie (Ossuary)
  3 orc zombies (Ossuary)
  8 rats
483 creatures vanquished.

Vanquished Creatures (others)
  An orc wizard (D:6)
  An orc (D:6)
  6 bushes (D:10)
  17 fungi (D:9)
  2 plants (D:9)
27 creatures vanquished.

Grand Total: 510 creatures vanquished

Notes
Turn   | Place    | Note
-------+----------+-------------------------------------------
     0 | D:1      | rezek the Vine Stalker Fighter began the quest for the Orb.
     0 | D:1      | Reached XP level 1. HP: 11/11 MP: 2/2
   197 | D:1      | Reached skill level 2 in Long Blades
   282 | D:1      | Reached XP level 2. HP: 15/16 MP: 3/3
   524 | D:1      | Reached skill level 1 in Stealth
   888 | D:2      | Reached XP level 3. HP: 7/19 MP: 4/4
  1239 | D:2      | Gained mutation: Your natural rate of healing is unusually fast. [Vine Stalker growth]
  1239 | D:2      | Reached XP level 4. HP: 18/24 MP: 5/5
  1344 | D:2      | Found a faded altar of an unknown god.
  1678 | D:3      | Noticed Grinder
  1840 | D:3      | Noticed Robin
  1885 | D:2      | Killed Robin
  1885 | D:2      | Reached skill level 3 in Long Blades
  1888 | D:2      | Reached XP level 5. HP: 28/28 MP: 6/6
  1988 | D:3      | Killed Grinder
  1988 | D:3      | Reached skill level 4 in Long Blades
  1988 | D:3      | Reached XP level 6. HP: 27/32 MP: 7/7
  2301 | D:3      | Noticed Ijyb
  2330 | D:3      | Killed Ijyb
  2508 | D:4      | Reached XP level 7. HP: 34/36 MP: 8/8
  2612 | D:4      | Reached skill level 5 in Long Blades
  2903 | D:5      | Entered Level 5 of the Dungeon
  2903 | D:5      | Noticed Prince Ribbit
  2954 | D:5      | Killed Prince Ribbit
  2954 | D:5      | Reached skill level 6 in Long Blades
  2954 | D:5      | Reached skill level 1 in Dodging
  2954 | D:5      | Gained mutation: You have razor-sharp teeth. [Vine Stalker growth]
  2954 | D:5      | Reached XP level 8. HP: 42/42 MP: 9/9
  3157 | D:5      | Noticed spinkules's ghost (novice GrBe)
  3577 | D:5      | Reached skill level 7 in Long Blades
  3882 | D:4      | Reached skill level 1 in Throwing
  4572 | D:6      | Found a sand-covered staircase.
  4577 | D:6      | Reached XP level 9. HP: 45/45 MP: 10/10
  4580 | Ossuary  | Entered an ossuary
  4933 | D:6      | Reached skill level 8 in Long Blades
  5374 | D:5      | Killed spinkules's ghost
  5741 | D:7      | Found a staircase to the Ecumenical Temple.
  5748 | Temple   | Entered the Ecumenical Temple
  5755 | Temple   | Became a worshipper of Ru the Awakened
  6092 | D:7      | Reached skill level 9 in Long Blades
  6299 | D:7      | Gained mutation: You heal very quickly. [potion of mutation]
  6299 | D:7      | Gained mutation: You have supernaturally acute eyesight. (SInv) [potion of mutation]
  6299 | D:7      | Gained mutation: You are agile. (Dex +2) [potion of mutation]
  6354 | D:7      | Reached skill level 5 in Shields
  6399 | D:7      | Reached XP level 10. HP: 37/51 MP: 8/11
  6765 | D:8      | Gained mutation: You cannot train Armour skill. [Ru sacrifice]
  6765 | D:8      | Reached * piety under Ru
  7020 | D:9      | Reached skill level 5 in Stealth
  7153 | D:9      | Found a staircase to the Orcish Mines.
  7192 | D:9      | Found a staircase to the Lair.
  7232 | D:9      | Reached skill level 5 in Fighting
  7323 | D:9      | Reached skill level 10 in Long Blades
  7556 | D:9      | Noticed a two-headed ogre
  7591 | D:10     | Entered Level 10 of the Dungeon
  7718 | D:9      | Found Wibubb's Jewellery Shoppe.
  7726 | D:9      | Bought an uncursed ring of poison resistance for 300 gold pieces
  7754 | D:9      | Found a burning altar of Makhleb.
  7862 | D:9      | Killed a two-headed ogre
  8250 | D:10     | Noticed botchamania's ghost (journeyman DsCK)
  8303 | Lair:1   | Entered Level 1 of the Lair of Beasts
  8360 | Lair:1   | Noticed an oklob plant
  8360 | Lair:1   | Noticed an oklob plant
  8392 | Lair:1   | Reached XP level 11. HP: 38/56 MP: 10/12
  8413 | Lair:1   | Noticed a seven-headed hydra
  8441 | Orc:1    | Entered Level 1 of the Orcish Mines
  8441 | Orc:1    | Noticed an orc sorcerer
  8480 | D:10     | Noticed a cyclops
  8507 | D:10     | Found a shattered altar of Ashenzari.
  8664 | D:10     | Noticed an unseen horror
  8668 | D:10     | Killed an unseen horror
  8668 | D:10     | Reached skill level 1 in Evocations
  8729 | D:11     | Noticed a two-headed ogre
  8877 | D:11     | Reached skill level 5 in Throwing
  9025 | D:11     | Gained mutation: You are slightly vulnerable to magic. (MR-) [Ru sacrifice]
  9025 | D:11     | Reached ** piety under Ru
  9080 | D:11     | Learned a level 3 spell: Ozocubu's Armour
  9249 | D:11     | Killed a two-headed ogre
  9249 | D:11     | Reached skill level 11 in Long Blades
  9273 | D:11     | Found Wiesiot's Antique Weapon Boutique.
  9281 | D:11     | Bought a shimmering war axe for 195 gold pieces
  9281 | D:11     | Identified the +10 war axe of the Asp {freeze, Dex+6} (You bought it in a shop on level 11 of the Dungeon)
  9282 | D:11     | Bought a runed scimitar for 161 gold pieces
  9336 | D:11     | Reached skill level 1 in Spellcasting
  9364 | D:11     | Reached skill level 1 in Charms
  9615 | D:12     | Noticed a green ugly thing
  9681 | D:10     | Reached skill level 1 in Ice Magic
  9710 | D:10     | Killed botchamania's ghost
  9966 | D:10     | Killed a cyclops
 10021 | D:9      | Killed an orc sorcerer
 10084 | D:10     | Noticed a two-headed ogre
 10091 | D:10     | Killed a two-headed ogre
 10210 | D:12     | Mutation became permanent: Your natural rate of healing is unusually fast. [Vine Stalker growth]
 10210 | D:12     | Gained mutation: You heal very quickly. [Vine Stalker growth]
 10210 | D:12     | Reached XP level 12. HP: 61/61 MP: 16/16
 10945 | D:12     | Gained mutation: You cannot study or cast Air magic. [Ru sacrifice]
 10945 | D:12     | Gained mutation: You cannot study or cast Transmutations magic. [Ru sacrifice]
 10945 | D:12     | Gained mutation: You cannot study or cast Conjurations magic. [Ru sacrifice]
 10945 | D:12     | Reached *** piety under Ru
 11203 | D:13     | Noticed a centaur warrior
 11440 | Orc:1    | Reached skill level 12 in Long Blades
 11885 | Orc:2    | Entered Level 2 of the Orcish Mines
 11898 | Orc:1    | HP: 3/61 [orc knight/war axe (20)]
 12672 | Orc:2    | Gained mutation: You cannot study or use magical devices. [Ru sacrifice]
 12672 | Orc:2    | Reached **** piety under Ru
 12672 | Orc:2    | Reached ***** piety under Ru
 12748 | Orc:2    | Paralysed by an orc sorcerer for 7 turns
 12802 | Orc:2    | Noticed an ettin
 12855 | Orc:2    | Reached XP level 13. HP: 65/65 MP: 18/18
 12876 | Orc:2    | Found a roughly hewn altar of Beogh.
 12942 | Orc:1    | Killed an ettin
 13184 | Orc:2    | Found a staircase to the Elven Halls.
 13193 | Orc:2    | Found Wisoivisch's Gadget Shop.
 13313 | Orc:2    | Found Fustraoko's Antique Armour Emporium.
 13313 | Orc:2    | Found Ofeb's Weapon Boutique.
 13318 | Orc:2    | Bought a runed scarf for 280 gold pieces
 13318 | Orc:2    | Bought a runed shield for 262 gold pieces
 13522 | Orc:2    | Found Ypsag's Assorted Antiques.
 13522 | Orc:2    | Found Ukewaq's General Store.
 13545 | Orc:2    | Bought a smoky yellow potion for 26 gold pieces
 13773 | D:13     | Noticed Maurice
 13784 | D:13     | Killed Maurice
 13797 | D:13     | Found a shadowy altar of Dithmenos.
 13913 | D:13     | Noticed an ogre mage
 13921 | D:13     | Paralysed by an ogre mage for 2 turns
 13921 | D:13     | Slain by a two-headed ogre

Skill      XL: |  1  2  3  4  5  6  7  8  9 10 11 12 13 |
---------------+----------------------------------------+-----
Long Blades    | 2 3 4 6 7 9 10 11 12 | 12.5
Stealth        | 1 2 3 4 5 6 7 |  7.1
Fighting       | 3 4 5 6 7 |  7.0
Shields        | 3 4 5 6 7 |  7.7
Armour         | 3 0 |  0.0
Dodging        | 1 2 3 4 |  4.8
Throwing       | 1 3 4 5 6 |  6.9
Evocations     | 2 0 |  0.0
Spellcasting   | 2 3 4 |  4.2
Charms         | 1 3 4 |  4.4
Ice Magic      | 2 4 |  4.6

Action                   |  1- 3 |  4- 6 |  7- 9 | 10-12 | 13-15 || total
-------------------------+-------+-------+-------+-------+-------++-------
Melee: Long sword        |    83 |   116 |   399 |   350 |       ||   948
       Bite              |    27 |    36 |   155 |   381 |    56 ||   655
       Scimitar          |       |       |       |   454 |   165 ||   619
Throw: Javelin           |       |       |     3 |     6 |       ||     9
       Tomahawk          |       |       |     1 |    15 |       ||    16
Invok: Sacrifice Durabil |       |       |       |     1 |       ||     1
       Sacrifice Essence |       |       |       |     1 |       ||     1
       Sacrifice Artific |       |       |       |     1 |       ||     1
       Sacrifice Arcana  |       |       |       |     1 |       ||     1
       Power Leap        |       |       |       |       |     3 ||     3
Evoke: Wand              |       |       |       |     4 |       ||     4
  Use: Potion            |     3 |     2 |     1 |     1 |       ||     7
       Scroll            |       |     9 |     8 |     6 |       ||    23
 Stab: Sleeping          |       |     1 |     9 |    10 |       ||    20
       Distracted        |       |       |       |     4 |     2 ||     6
       Invisible         |       |       |       |     2 |     3 ||     5
       Confused          |       |       |       |     1 |       ||     1
       Paralysed         |       |       |       |       |     1 ||     1
  Eat: Chunk             |     1 |     4 |    14 |    21 |     4 ||    44
Armor: Scale mail        |    43 |       |       |       |       ||    43
       Plate armour      |       |    75 |       |       |       ||    75
       Animal skin       |       |     4 |    29 |       |       ||    33
       Leather armour    |       |       |    31 |   117 |    11 ||   159
Dodge: Dodged            |    25 |    14 |   123 |   267 |    35 ||   464
       Deflected         |       |       |       |       |     1 ||     1
Block: Shield            |    36 |    63 |   245 |   503 |    68 ||   915
       Reflection        |       |       |     9 |    14 |     1 ||    24
       Rpst.: Long sword |     7 |     5 |    37 |    41 |       ||    90
       Scimitar          |       |       |       |    33 |    11 ||    44
